 Dungeon Crawl Stone Soup version 0.16-a0-3855-gd2600ac (webtiles) character file.

12286 abixa the Carver (level 11, -6/107 HPs)
             Began as a Demigod Skald on Jan 31, 2015.
             Mangled by a blink frog (16 damage)
             ... on level 4 of the Lair of Beasts.
             The game lasted 01:33:19 (21200 turns).

abixa the Carver (Demigod Skald)                   Turns: 21200, Time: 01:33:19

Health: -6/107     AC:  7    Str: 15    XL:     11   Next: 34%
Magic:  18/21      EV: 16    Int: 20    God:
Gold:   367        SH:  0    Dex: 17    Spells: 3 memorised, 7 levels left

rFire  . . .     SeeInvis .     a - +0 long sword
rCold  . . .     Clarity  .     N - +2 robe
rNeg   . . .     SustAb   +     (no shield)
rPois  +         Gourm    .     (no helmet)
rElec  .         Spirit   .     (no cloak)
rCorr  .         Warding  .     V - +1 pair of gloves
rMut   .         Stasis   .     h - +0 pair of boots
MR     +....                    T - amulet of Vitality {Regen+ HP+15}
Stlth  +++.......               W - ring of poison resistance
                                I - ring of stealth

@: somewhat resistant to hostile enchantments, fairly stealthy
A: sustain abilities
a: no special abilities


You were on level 4 of the Lair of Beasts.
You were not hungry.

You visited 2 branches of the dungeon, and saw 13 of its levels.

You collected 637 gold pieces.
You spent 270 gold pieces at shops.

Inventory:

Hand weapons
 a - a +0 long sword (weapon)
 b - a +0 hunting sling
 F - the +2 hand axe of Xeptec Thoh {freeze, rC+ rN+ MP+9 Int-2}
   (You found it on level 5 of the Dungeon)

   It has been specially enchanted to freeze those struck by it, causing extra
   injury to most foes and up to half again as much damage against particularly
   susceptible opponents.
   It can also slow down cold-blooded creatures.
   It affects your intelligence (-2).
   It protects you from cold.
   It protects you from negative energy.
   It affects your magic capacity (+9).
 K - a +0 trident
Missiles
 l - 2 javelins
 n - 286 stones (quivered)
 s - 43 sling bullets
 t - 3 tomahawks
 B - 14 poisoned needles
 X - 7 poisoned tomahawks
Armour
 h - a +0 pair of boots (worn)
 N - a +2 robe (worn)
 V - a +1 pair of gloves (worn)
Jewellery
 I - a ring of stealth (left hand)
 T - the amulet of Vitality (around neck) {Regen+ HP+15}
   (You found it on level 2 of the Lair of Beasts)

   [amulet of regeneration]

   It affects your health (+15).
   It increases your rate of regeneration.
 U - an uncursed ring of protection from cold
 W - a ring of poison resistance (right hand)
Magical devices
 c - a wand of disintegration (13)
 C - a wand of paralysis (4)
 M - a wand of fire (9)
 P - a wand of confusion (28)
 Q - a wand of polymorph (10)
 Z - a wand of invisibility (3)
Scrolls
 e - 2 scrolls of remove curse
 g - 2 scrolls of fog
 i - a scroll of vulnerability {unknown}
 j - a scroll of enchant weapon {unknown}
 o - a scroll of blinking
 w - 3 scrolls of magic mapping
 O - 6 scrolls of teleportation
Potions
 f - 7 potions of curing
 R - 4 potions of heal wounds
Miscellaneous
 k - a sack of spiders {used: 1}
 m - a crystal ball of energy
Comestibles
 d - 2 beef jerkies
 p - a chunk of flesh
 v - 5 meat rations
 S - 4 fruits


   Skills:
 + Level 7.1 Fighting
 * Level 12.0 Long Blades
 - Level 0.8 Armour
 + Level 5.8 Dodging
 - Level 1.7 Spellcasting
 - Level 6.0 Hexes
 + Level 6.0 Charms


You had 7 spell levels left.
You knew the following spells:

 Your Spells              Type           Power        Failure   Level  Hunger
a - Infusion              Chrm           ####..       1%          1    #......
b - Song of Slaying       Chrm           ####....     2%          2    ###....
c - Spectral Weapon       Hex/Chrm       ####....     6%          3    ###....


Dungeon Overview and Level Annotations

Branches:
Dungeon (9/15)             Temple (0/1) D:4            Lair (4/8) D:9
  Swamp (0/5) Lair:4
  Snake: Lair:3-6    Spider: Lair:3-6       Orc: D:9-12

Shops:
D:4 *   D:7 =   D:9 (

Annotations:
D:3 disint for money
D:7 exclusion: door


Innate Abilities, Weirdness & Mutations

Your attributes are resistant to harm.


Message History

Evoke which item? (* to show all) (? for menu, Esc to quit)
You reach into the bag... ...and things crawl out!
The blink frog evades a web.
The blink frog blinks!
The blink frog hits you!
* * * LOW HITPOINT WARNING * * *
The blink frog barely misses you.
The blink frog blinks!
The blink frog closely misses you. The blink frog barely misses you.
The blink frog closely misses you.
The blink frog blinks!
The blink frog hits your spider!!
The blink frog blinks!
The blink frog hits you!
* * * LOW HITPOINT WARNING * * *
The blink frog blinks!
That item cannot be evoked!
Evoke which item? (* to show all) (? for menu, Esc to quit)
You reach into the bag... ...but nothing happens.
The blink frog blinks!
Your spider misses the blink frog.
Your spider completely misses the blink frog.
Your spider misses the blink frog.
Your spider closely misses the blink frog.
The blink frog hits you!
You die...

.....#.##..........#.#.....#..##P##
.....####.#.##.#.#.##.#....#######
.....## ######..#######+.###
PP..#.# ..######.....#######
.#.#### ###.8..#.###.#.##.8.##
#..P# #....s#...F.........# #...#
#8..8# ##.##
####...F.§^......#.....##
#...#######.....8@##.###...##.8.###
.......P##....#######.....######..#
##.#.#....+......# ###+.## #...
##..####..#......# ##.....## ##..
#P.## ###.......# #.....#.# #P..
##.## #...<...###....F#.# ##..
##..# ##......#...#.8...# ### #..##
#P......##........## # #..P#
###..+###.#.#......# #


You could see 3 blink frogs and 2 friendly spiders.

Vanquished Creatures
  A black mamba (Lair:4)
  2 komodo dragons
  3 fire drakes
  4 blink frogs
  23 yaks
  5 porcupines
  10 water moccasins
  An orc warrior (D:6)
  2 sky beasts (D:5)
  3 black bears
  A wasp (D:5)
  3 ice beasts
  2 phantoms
  4 centaurs
  5 crocodiles
  4 ogres
  11 giant frogs
  Blork the orc (D:6)
  A jelly (D:5)
  3 electric eels
  A killer bee (D:8)
  A quasit (D:6)
  The ghost of timbw the Chucker, a weakling TeHu (D:3)
  4 crimson imps
  A giant frog zombie (D:8)
  6 orc priests
  8 hounds
  4 iguanas
  4 orc wizards
  Natasha (thrice) (D:3)
  9 worker ants
  12 sheep
  A hound zombie (D:7)
  A hound skeleton (D:8)
  A worker ant zombie (D:7)
  3 gnolls
  28 river rats
  14 adders
  2 shadow imps
  A worm (D:6)
  An adder skeleton (D:5)
  3 giant geckos (D:2)
  26 orcs
  A bat skeleton (D:6)
  3 giant cockroaches
  16 hobgoblins
  11 jackals
  12 quokkas
  2 ball pythons
  A ball python skeleton (D:4)
  10 bats
  A giant gecko zombie (D:6)
  5 giant newts
  A giant spore (D:8)
  17 goblins
  10 kobolds
  12 rats
  3 ballistomycetes (D:8)
  A plant (Lair:2)
330 creatures vanquished.

Vanquished Creatures (others)
  5 spectral weapons
  2 plants (Lair:2)
7 creatures vanquished.

Grand Total: 337 creatures vanquished

Notes
Turn   | Place    | Note
--------------------------------------------------------------
     0 | D:1      | abixa, the Demigod Skald, began the quest for the Orb.
     0 | D:1      | Reached XP level 1. HP: 17/17 MP: 3/3
   271 | D:1      | Reached XP level 2. HP: 24/24 MP: 0/4
   552 | D:1      | Reached skill level 3 in Long Blades
   774 | D:1      | Learned a level 2 spell: Song of Slaying
   813 | D:1      | Reached XP level 3. HP: 18/29 MP: 0/7
  1372 | D:2      | Found a sacrificial altar of Ru.
  1686 | D:2      | Reached skill level 4 in Long Blades
  1766 | D:2      | Found a radiant altar of Vehumet.
  1843 | D:3      | Reached XP level 4. HP: 36/36 MP: 5/9
  2237 | D:3      | Noticed timbw's ghost (weakling TeHu)
  2251 | D:3      | Killed timbw's ghost
  2251 | D:3      | Reached XP level 5. HP: 38/41 MP: 6/10
  2573 | D:3      | Found a glowing silver altar of Zin.
  2828 | D:3      | Noticed Natasha
  2836 | D:3      | Killed Natasha
  3140 | D:3      | You fall through a shaft!
  3231 | D:4      | Learned a level 3 spell: Spectral Weapon
  3283 | D:4      | Reached skill level 1 in Hexes
  3551 | D:4      | Noticed an ogre
  3558 | D:4      | Killed an ogre
  3558 | D:4      | Reached XP level 6. HP: 48/48 MP: 13/13
  3594 | D:4      | Found a staircase to the Ecumenical Temple.
  4018 | D:4      | Found Goppath's Serpentskin Sales.
  4018 | D:4      | Noticed a water moccasin
  4024 | D:4      | Killed a water moccasin
  4304 | D:3      | Noticed Natasha
  4312 | D:3      | Killed Natasha
  4502 | D:3      | Noticed Natasha
  4512 | D:3      | Killed Natasha
  4565 | D:5      | Entered Level 5 of the Dungeon
  4755 | D:5      | Found a snail-covered altar of Cheibriados.
  4987 | D:5      | Reached XP level 7. HP: 28/53 MP: 11/15
  5196 | D:5      | Got a bloodstained hand axe
  5197 | D:5      | Identified the +2 hand axe of Xeptec Thoh {freeze, rC+ rN+ MP+9 Int-2} (You found it on level 5 of the Dungeon)
  5541 | D:5      | Reached skill level 5 in Long Blades
  5866 | D:5      | Found a sparkling altar of Nemelex Xobeh.
  6561 | D:5      | Reached skill level 5 in Hexes
  8182 | D:6      | Reached skill level 6 in Long Blades
  8745 | D:6      | Found a shimmering altar of Xom.
  8756 | D:6      | Reached skill level 5 in Charms
  8756 | D:6      | Reached XP level 8. HP: 32/60 MP: 11/17
  8895 | D:6      | Noticed a yak
  9445 | D:6      | Noticed a yak
  9445 | D:6      | Noticed a yak
  9447 | D:6      | Noticed a yak
  9857 | D:6      | Killed a yak
  9857 | D:6      | Reached skill level 7 in Long Blades
  9971 | D:6      | Killed a yak
  9983 | D:6      | Killed a yak
 10367 | D:5      | Killed a yak
 10367 | D:5      | Reached skill level 8 in Long Blades
 11262 | D:5      | Reached XP level 9. HP: 32/71 MP: 11/18
 12459 | D:6      | Reached skill level 9 in Long Blades
 12526 | D:6      | Reached skill level 1 in Dodging
 13210 | D:7      | Found a glowing golden altar of the Shining One.
 13355 | D:7      | Reached skill level 5 in Fighting
 13689 | D:7      | Noticed Blork the orc
 13709 | D:6      | Killed Blork the orc
 14038 | D:7      | Found Luoruno's Jewellery Emporium.
 14695 | D:8      | Reached skill level 10 in Long Blades
 15069 | D:9      | Found Bloastoa's Weapon Emporium.
 15532 | D:9      | Found a staircase to the Lair.
 15536 | Lair:1   | Entered Level 1 of the Lair of Beasts
 15780 | D:4      | Bought an uncursed ring of poison resistance for 200 gold pieces
 15780 | D:4      | Bought 7 poisoned tomahawks for 70 gold pieces
 16039 | Lair:1   | Reached XP level 10. HP: 67/81 MP: 14/20
 16937 | Lair:1   | You fall through a shaft!
 16959 | Lair:2   | Noticed a four-headed hydra
 17024 | Lair:2   | Got an iridescent flail
 17025 | Lair:2   | Identified the cursed +3 flail of Doom {crush, *Rage +Rage rPois+ rN+ Int-5} (You found it on level 2 of the Lair of Beasts)
 17428 | Lair:2   | Reached skill level 11 in Long Blades
 18508 | Lair:2   | Reached skill level 5 in Dodging
 19316 | Lair:2   | Reached XP level 11. HP: 76/91 MP: 16/21
 19398 | Lair:2   | Got a heavily runed chain mail
 19577 | Lair:2   | Identified the cursed -5 chain mail "Mnyuxt" {Str-4 Int+6} (You found it on level 2 of the Lair of Beasts)
 20781 | Lair:4   | Found a staircase to the Swamp.
 20805 | Lair:4   | Reached skill level 12 in Long Blades
 21200 | Lair:4   | Mangled by a blink frog

Action                   |  1- 3 |  4- 6 |  7- 9 | 10-12 || total
-------------------------+-------+-------+-------+-------++-------
Melee: Falchion          |   133 |   135 |   590 |       ||   858
       Long sword        |       |       |    51 |   399 ||   450
 Fire: Hunting sling     |       |    36 |    34 |       ||    70
Throw: Stone             |     2 |       |    27 |    20 ||    49
       Tomahawk          |       |     3 |    18 |     8 ||    29
 Cast: Infusion          |    12 |    10 |    47 |    26 ||    95
       Song of Slaying   |       |     1 |       |     4 ||     5
       Spectral Weapon   |       |     4 |    36 |    45 ||    85
Evoke: Wand              |       |     1 |    11 |     2 ||    14
       Deck              |       |       |     1 |       ||     1
       Sack of spiders   |       |       |       |     2 ||     2
  Use: Scroll            |       |     4 |     5 |     7 ||    16
 Stab: Paralysed         |       |     2 |     9 |       ||    11
       Confused          |       |       |     7 |       ||     7
       Distracted        |       |       |     5 |    11 ||    16
       Sleeping          |       |       |     1 |     6 ||     7
  Eat: Chunk             |     3 |    11 |    37 |    26 ||    77
       Pizza             |       |       |     1 |       ||     1
       Beef jerky        |       |       |     1 |       ||     1
